 Dungeon Crawl Stone Soup version 0.27-a0-1529-g1e82c303ef (webtiles) character file.

Game seed: 14304771484020676379

5523 Sobieck the Cleaver (level 10, -10/98 HPs)
             Began as a Deep Dwarf Monk on July 11, 2021.
             Was a Believer of Makhleb.
             Mangled by an orc (13 damage)
             ... in a bailey.
             The game lasted 00:31:43 (7813 turns).

Sobieck the Cleaver (Deep Dwarf Monk)               Turns: 7813, Time: 00:31:44

Health: -10/98     AC: 15    Str: 18    XL:     10   Next: 43%
Magic:  1/1        EV:  8    Int: 17    God:    Makhleb [**....]
Gold:   290        SH:  0    Dex: 15    Spells: 9/9 levels left

rFire    + . .     SeeInvis .   a - +1 war axe (flame) {axe}
rCold    . . .     Faith    .   (no shield)
rNeg     . . .     Spirit   .   E - +1 chain mail {rF+}
rPois    .         Reflect  .   l - +2 helmet
rElec    .         Harm     .   (no cloak)
rCorr    .         Rampage  .   k - +0 pair of gloves
Will     +....                  M - +1 pair of boots
Stlth    ..........             (no amulet)
HPRegen  0.00/turn              t - +6 ring of intelligence
MPRegen  0.07/turn              (no ring)

@: mighty
A: damage resistance, heal wounds, sense surroundings 2, no regeneration
a: Heal Wounds, Renounce Religion, Minor Destruction


You were in a bailey.
You worshipped Makhleb.
Makhleb was pleased with you.
You visited 3 branches of the dungeon, and saw 11 of its levels.
You also visited: Bailey.

You collected 306 gold pieces.
You spent 16 gold pieces at shops.


Innate Abilities, Weirdness & Mutations

You are resistant to damage.
You can heal yourself by infusing magical energy.
You passively map the area around you.
You do not regenerate.


   Skills:
 + Level 8.5 Fighting
 - Level 14.0 Axes
 - Level 3.2 Dodging
 - Level 2.4 Stealth


You had 9 spell levels left.
You didn't know any spells.
Your spell library contained the following spells:

 Spells                   Type           Power      Damage    Failure   Level
 Sting                    Tmut/Pois      0%         1d3       98%         1
 Poisonous Vapours        Pois/Air       0%         N/A       99%         2
 Frozen Ramparts          Ice            0%         1d2       100%        3
 Animate Armour           Summ/Erth      0%         N/A       100%        4
 Ice Form                 Ice/Tmut       0%         N/A       100%        4
 Olgreb's Toxic Radiance  Pois           0%         N/A       100%        4
 Summon Ice Beast         Ice/Summ       0%         N/A       100%        4
 Blade Hands              Tmut           0%         N/A       100%        5
 Summon Forest            Summ/Tloc      0%         N/A       100%        5
 Summon Mana Viper        Hex/Summ       0%         N/A       100%        5
 Iron Shot                Conj/Erth      0%         9d1       100%        6
 Shadow Creatures         Summ           N/A        N/A       100%        6

Inventory:

Hand Weapons
 a - a +1 war axe of flaming (weapon) {axe}
   (You took it off an orc on level 5 of the Dungeon)
 b - a +0 hunting sling {sling}
   (You bought it in a shop on level 4 of the Dungeon)
 e - a +2 dagger of venom {short}
   (You took it off a goblin on level 1 of the Dungeon)
 i - a +0 dagger of protection {short}
   (You took it off Dowan on level 4 of the Dungeon)
 m - a +0 vorpal trident {polearm}
   (You took it off Terence on level 2 of the Dungeon)
 r - a +0 short sword of speed {short}
   (You took it off an orc on level 3 of the Dungeon)
 y - a +0 hand axe {axe}
 F - a +0 dagger of venom {short}
   (You took it off a goblin on level 4 of the Dungeon)
 L - a +0 war axe {axe}
   (You found it on level 7 of the Dungeon)
Missiles
 d - 264 stones {throwing}
 f - 111 arrows
 j - 17 boomerangs {throwing}
 s - 28 sling bullets
 v - 48 bolts
 A - 46 poisoned darts (quivered) {throwing}
 I - 2 javelins {throwing}
Armour
 k - a +0 pair of gloves (worn)
   (You found it on level 4 of the Dungeon)
 l - a +2 helmet (worn)
   (You took it off Robin on level 4 of the Dungeon)
 E - a +1 chain mail of fire resistance (worn)
   (You found it on level 4 of the Dungeon)
 M - a +1 pair of boots (worn)
   (You found it on level 7 of the Dungeon)
Jewellery
 t - a +6 ring of intelligence (left hand)
   (You found it on level 5 of the Dungeon)
Wands
 c - a wand of mindburst (8)
   (You found it on level 8 of the Dungeon)
 J - a wand of acid (6)
   (You found it on level 7 of the Dungeon)
Scrolls
 h - 5 scrolls of noise {!r}
 x - 3 scrolls of immolation {!r!r}
 B - 3 scrolls of fog
 D - 5 scrolls of teleportation {@r4}
 N - a scroll of acquirement {unknown}
Potions
 g - a potion of cancellation
 n - a potion of resistance
 o - a potion of mutation {!q}
 p - 4 potions of flight
 q - a potion of brilliance
 w - 4 potions of curing {@q1}
 z - 3 potions of ambrosia
 G - a potion of attraction {!q}
 K - a potion of magic {unknown}

Dungeon Overview and Level Annotations

Branches:
Dungeon (9/15)             Temple (1/1) D:6            Lair (1/6) D:8
    Orc (0/2) D:9          Bailey (1/1)

Altars:
Ashenzari
Cheibriados
Dithmenos
Elyvilon
Fedhas
Gozag
Hepliaklqana
Makhleb
Nemelex Xobeh
Okawaru
Qazlal
Ru
Trog
Uskayaw
Wu Jian
Xom
Yredelemnul
Zin
The Shining One

Shops:
D:1 [   D:4 (   D:5 [   D:6 :

Annotations:
D:2 Sigmund
D:3 3 runed translucent doors, bande's ghost, amateur GrFi; pigah's ghost, amateur OpWn

* ####### ###### ###
##.....#########.....#
##..
,+.......#..oo.#oo.....
#...
+.......'.!oo)))o.....
,,, #...
+.......'.!oo)@)......
,, ,+...
+.......'.!oo.o)o.....*
#...
+.......#..oo.#oo.....
*** #...
##.....#########.....#
##.. * ####### ######
###


You could see 2 orc knights, 2 orc warriors and 13 orcs.


Message History

You take 12 damage, and now have 40/98 hp.
The orc knight roars a battlecry!
The orcs go into a battle-frenzy!
The orc warrior barely misses you. The orc hits you but does no damage.
The orc hits you from afar with a +0 halberd. x2
* * * LOW HITPOINT WARNING * * *
The orc closely misses you.
The orc hits you from afar with a +0 spear!
* * * LOW HITPOINT WARNING * * *
The orc hits you from afar with a +0 halberd!
* * * LOW HITPOINT WARNING * * *
There is an open gate, spattered with blood here. 😱 HP[-17]
You take 17 damage, and now have 23/98 hp.
Unknown command.
Really read
x - 3 scrolls of immolation {!r!r}?
Okay, then.
Press: ? - help, v - describe, . - travel An open gate, spattered with blood.
You feel much better. The orc warrior barely misses you.
The orc hits you but does no damage.
The orc hits you from afar with a +0 halberd.
The orc closely misses you. The orc hits you but does no damage.
The orc completely misses you. The orc warrior barely misses you.
The orc hits you with a +0 war axe. The orc hits you but does no damage.
The orc barely misses you. x2; The orc hits you but does no damage. 😨 HP[+17]
You regained 17 hp, and now have 40/98 hp.
Okay, then.
You feel much better. The orc hits you but does no damage.
The orc warrior hits you with a +0 glaive!
The orc hits you but does no damage. The orc barely misses you.
The orc closely misses you.
The orc warrior hits you with a +0 glaive!
* * * LOW HITPOINT WARNING * * *
The orc hits you but does no damage.
The orc hits you from afar with a +0 halberd!
* * * LOW HITPOINT WARNING * * *
The orc closely misses you. The orc barely misses you.
The orc hits you but does no damage. x3; The orc barely misses you. 😱 HP[-20]
You take 20 damage, and now have 20/98 hp.
MASSIVE DAMAGE!! (PAUSE)
You closely miss the orc warrior.
Your chain mail prevents you from hitting the orc.
You closely miss the orc. You barely miss the orc.
Your chain mail prevents you from hitting the orc.
You closely miss the orc warrior. You barely miss the orc.
The orc knight roars a battlecry!
The orc goes into a battle-frenzy!
The orc hits you but does no damage. The orc barely misses you.
The orc warrior closely misses you. The orc hits you but does no damage.
The orc barely misses you. x2; The orc warrior barely misses you.
The orc closely misses you. The orc hits you but does no damage.
The orc barely misses you. x2
The orc hits you from afar with a +0 halberd.
The orc barely misses you. The orc hits you but does no damage.
You slash the orc warrior! You burn the orc warrior! You closely miss the orc.
You barely miss the orc. You slash the orc! You burn the orc.
You kill the orc!
Makhleb accepts your kill.
You hit the orc. You burn the orc.
You kill the orc!
Makhleb accepts your kill.
You barely miss the orc warrior. You slash the orc! You burn the orc.
You kill the orc!
Makhleb accepts your kill. The orc barely misses you.
The orc hits you but does no damage. The orc hits you with a +0 halberd.
* * * LOW HITPOINT WARNING * * *
The orc hits you but does no damage. The orc barely misses you.
The orc warrior hits you with a +0 glaive!
* * * LOW HITPOINT WARNING * * *
The orc warrior hits you with a +0 glaive.
The orc hits you from afar with a +0 halberd!
* * * LOW HITPOINT WARNING * * *
The orc hits you but does no damage. The orc barely misses you.
The orc closely misses you. x2 😱 HP[-17]
You take 17 damage, and now have 3/98 hp.
Unknown command.
You slash the orc! You burn the orc.
You kill the orc!
Makhleb accepts your kill.
You slash the orc warrior! You burn the orc warrior.
You kill the orc warrior!
Makhleb accepts your kill.
You feel better.
You hit the orc. You burn the orc.
You kill the orc!
Makhleb accepts your kill.
You hit the orc warrior but do no damage.
You slash the orc! You burn the orc.
You kill the orc!
Makhleb accepts your kill. The orc barely misses you.
The orc hits you from afar with a +0 trident.
* * * LOW HITPOINT WARNING * * *
The orc barely misses you.
The orc hits you from afar with a +0 halberd!
You die...

Skill      XL: |  1  2  3  4  5  6  7  8  9 10 |
---------------+-------------------------------+-----
Axes           | 4 5 6 7 9 10 12 14 | 14.0
Fighting       | 6 8 |  8.5
Dodging        | |  3.2
Stealth        | |  2.4

Action                   |  1- 3 |  4- 6 |  7- 9 | 10-12 || total
-------------------------+-------+-------+-------+-------++-------
Melee: Hand axe          |    82 |   225 |   120 |       ||   427
       War axe           |       |       |   329 |    98 ||   427
 Fire: Hunting sling     |       |     9 |    29 |       ||    38
Throw: Dart              |       |       |     1 |       ||     1
 Abil: Heal Wounds       |     3 |    10 |    15 |     9 ||    37
Evoke: Wand              |       |     1 |       |       ||     1
  Use: Potion            |       |     4 |     2 |     2 ||     8
       Scroll            |       |       |    16 |     7 ||    23
 Stab: Sleeping          |     8 |       |       |       ||     8
Armor: Robe              |     5 |       |       |       ||     5
       Ring mail         |     3 |    51 |       |       ||    54
       Chain mail        |       |       |   220 |    94 ||   314
Dodge: Dodged            |    48 |   125 |   153 |    90 ||   416

Levels and vault maps discovered:
D:1:      dpeg_arrival_prison, layout_loops_cross, serial_shops, shop_statue,
          shapermc_ecumenical_altar_hornbeckon
D:2:      layout_loops_ring, uniq_natasha, uniq_terence, uniq_jessica,
          uniq_sigmund, uniq_crazy_yiuf_cottage
D:3:      wander_river, layout_basic, lemuel_crystal_altar,
          gammafunk_ghost_cemetery
D:4:      layout_basic, nicolae_ru_sacrificial_ziggurat, serial_shops, shop,
          minmay_crystal_room, minmay_misc_feat_diagonals, dk_vineyard_3,
          uniq_duvessa, uniq_robin, uniq_blork_the_orc
D:5:      minmay_recursive_quarters, layout_layer_cave,
          yredelemnul_forgotten_temple_becter, jmf_multi_god_temple2,
          serial_shops, nicolae_stop_n_shop_2
D:6:      layout_rooms, kennysheep_slug_shrine,
          minmay_temple_entry_gardened_gates, gup_sewer_entry_bubbles,
          serial_shops, shop, uniq_prince_ribbit1
D:7:      layout_rooms
D:8:      layout_loops_ring, palyth_temple_overflow_mages,
          minmay_lair_entry_grove, david_defended_altar_orc
D:9:      layout_cave_pools, orc_0_dummy, enter_bailey_2,
          minmay_misc_feat_rugged, uniq_pikel
Temple:   nicolae_temple_x_marks_the_god
Lair:1:   layout_regular_city, st_stairs_11, beast_lair_carwin_2,
          infiniplex_staircase_pool_2
Bailey:   bailey_polearm_5, bailey

Notes
Turn   | Place    | Note
-------+----------+-------------------------------------------
     0 | D:1      | Sobieck the Deep Dwarf Monk began the quest for the Orb.
     0 | D:1      | Reached XP level 1. HP: 20/20 MP: 1/1
     0 | D:1      | magus.rc [v1.9.6]
    85 | D:1      | Reached skill level 4 in Axes
    85 | D:1      | Reached XP level 2. HP: 24/27 MP: 2/2
   250 | D:1      | Found Japs's Antique Armour Emporium.
   294 | D:2      | Noticed Jessica
   385 | D:1      | Reached XP level 3. HP: 32/33 MP: 3/3
   830 | D:1      | Found a faded altar of an unknown god.
   942 | D:2      | Noticed Sigmund
   976 | D:2      | Noticed Terence
  1007 | D:2      | Killed Terence
  1008 | D:2      | Reached skill level 5 in Axes
  1060 | D:2      | Killed Jessica
  1061 | D:2      | Reached XP level 4. HP: 26/40 MP: 4/4
  1165 | D:2      | You pick up a book of the Dryads and begin reading...
  1165 | D:2      | You add the spells Summon Forest, Summon Mana Viper and
                  | Shadow Creatures to your library.
  1183 | D:2      | Noticed Natasha
  1209 | D:2      | Killed Natasha
  1210 | D:2      | Reached skill level 6 in Axes
  1213 | D:2      | Noticed Natasha
  1227 | D:2      | Killed Natasha
  1228 | D:2      | Reached XP level 5. HP: 43/46 MP: 5/5
  1390 | D:2      | You add the spells Sting, Poisonous Vapours and Olgreb's
                  | Toxic Radiance to your library.
  1593 | D:2      | Noticed Natasha
  1603 | D:2      | Killed Natasha
  2289 | D:3      | Found a runed translucent gate.
  2289 | D:3      | Found a runed translucent gate.
  2289 | D:3      | Found a runed translucent gate.
  2304 | D:5      | Entered Level 5 of the Dungeon
  2374 | D:4      | Reached skill level 7 in Axes
  2384 | D:4      | HP: 10/46 [gnoll (2)]
  2402 | D:4      | Found Vamiame's Weapon Boutique.
  2405 | D:4      | Bought a +0 hunting sling for 16 gold pieces
  2426 | D:4      | Noticed Dowan
  2483 | D:3      | Noticed bande's ghost (amateur GrFi)
  2483 | D:3      | Noticed pigah's ghost (amateur OpWn)
  2603 | D:4      | Noticed Blork the orc
  2618 | D:4      | Killed Blork the orc
  2619 | D:4      | Reached XP level 6. HP: 29/55 MP: 6/6
  2757 | D:3      | You pick up a book of Rime and begin reading...
  2757 | D:3      | You add the spells Frozen Ramparts, Ice Form and Summon Ice
                  | Beast to your library.
  2929 | D:3      | Found a glowing golden altar of the Shining One.
  3158 | D:4      | Identified the +1 robe of Moramm {SInv}
  3170 | D:4      | Noticed Duvessa
  3255 | D:4      | Killed Duvessa
  3256 | D:4      | Reached skill level 8 in Axes
  3274 | D:4      | HP: 6/55 [Dowan/shard of ice (17)]
  3319 | D:4      | Killed Dowan
  3467 | D:4      | Reached skill level 9 in Axes
  3467 | D:4      | Reached XP level 7. HP: 44/61 MP: 4/4
  3581 | D:4      | Found a sacrificial altar of Ru.
  3586 | D:4      | Noticed Robin
  3603 | D:4      | Killed Robin
  4052 | D:5      | Found Revuxux's Antique Armour Boutique.
  4547 | D:4      | Reached skill level 10 in Axes
  4825 | D:5      | Found a large runed translucent door.
  4825 | D:5      | Found a large runed translucent door.
  4949 | D:5      | HP: 13/61 [centaur (3)]
  4954 | D:5      | Reached XP level 8. HP: 37/68 MP: 5/5
  5027 | D:5      | Reached skill level 11 in Axes
  5645 | D:5      | Found a basalt altar of Yredelemnul.
  5859 | D:5      | Found a hide-covered altar of Uskayaw.
  5862 | D:5      | Found an ornate altar of the Wu Jian Council.
  5906 | D:6      | Found Useupsur's Book Emporium.
  5935 | D:6      | Reached skill level 12 in Axes
  5975 | D:6      | Noticed Prince Ribbit
  6004 | D:6      | magus.rc [v1.9.6]
  6018 | D:6      | Killed Prince Ribbit
  6073 | D:6      | Found a staircase to the Ecumenical Temple.
  6078 | Temple   | Entered the Ecumenical Temple
  6190 | D:6      | Gained mutation: You passively map the area around you.
                  | [Deep Dwarf growth]
  6190 | D:6      | Reached XP level 9. HP: 51/74 MP: 5/5
  6209 | D:6      | Found a snail-covered altar of Cheibriados.
  6598 | D:7      | Reached skill level 13 in Axes
  6956 | D:7      | You pick up a book of Iron and begin reading...
  6956 | D:7      | You add the spells Animate Armour, Blade Hands and Iron
                  | Shot to your library.
  7109 | D:8      | Reached skill level 14 in Axes
  7128 | D:8      | Reached skill level 3 in Fighting
  7145 | D:8      | Reached skill level 4 in Fighting
  7165 | D:8      | Reached skill level 5 in Fighting
  7187 | D:8      | HP: 20/81 [basilisk (3)]
  7219 | D:8      | Reached skill level 6 in Fighting
  7225 | D:8      | Reached XP level 10. HP: 58/92 MP: 6/6
  7231 | D:8      | Found a staircase to the Lair.
  7331 | Lair:1   | Entered Level 1 of the Lair of Beasts
  7379 | D:8      | Reached skill level 7 in Fighting
  7497 | D:8      | Found a burning altar of Makhleb.
  7502 | D:8      | Became a worshipper of Makhleb the Destroyer
  7502 | D:8      | Reached * piety under Makhleb
  7502 | D:8      | Reached ** piety under Makhleb
  7551 | D:9      | magus.rc [v1.9.6]
  7553 | D:9      | Noticed Pikel
  7579 | D:8      | Killed Pikel
  7605 | D:8      | Reached skill level 8 in Fighting
  7761 | D:9      | Found a flagged portal.
  7770 | Bailey   | Entered a bailey
  7798 | Bailey   | Noticed an orc knight
  7798 | Bailey   | Noticed an orc knight
  7808 | Bailey   | HP: 23/98 [orc (10)]
  7812 | Bailey   | HP: 3/98 [orc (9)]
  7813 | Bailey   | Mangled by an orc

Vanquished Creatures
  Pikel (D:8)
  Prince Ribbit (D:6)
  4 wyverns (D:8)
  2 basilisks (D:8)
  A steam dragon (D:7)
  5 water moccasins (D:8)
  An acid dragon (D:9)
  Duvessa (D:4)
  3 orc warriors
  3 black bears
  An ice beast (D:6)
  A sky beast (D:4)
  2 wolves (D:8)
  5 ogres
  3 centaurs
  A phantom (D:5)
  A lemure (D:8)
  Blork the orc (D:4)
  A scorpion (D:4)
  A gnoll sergeant (D:9)
  A bullfrog (D:8)
  Dowan (D:4)
  2 wyvern skeletons
  A water moccasin zombie (D:5)
  3 wights (D:7)
  A howler monkey (D:5)
  2 centaur zombies
  A centaur skeleton (D:5)
  3 hounds
  4 orc priests (D:8)
  3 jellies
  A gnoll shaman (D:5)
  2 orc wizards
  Jessica (D:2)
  2 iguanas
  Natasha (thrice) (D:2)
  Terence (D:2)
  2 killer bee zombies
  Robin (D:4)
  A howler monkey skeleton (D:5)
  2 howler monkey zombies
  9 gnolls
  3 adders
  A shadow imp (D:5)
  A white imp (D:5)
  An ufetubus (D:6)
  An adder skeleton (D:4)
  4 worms
  3 dart slugs
  34 orcs
  9 ball pythons
  4 endoplasms
  5 giant cockroaches
  14 goblins
  6 hobgoblins
  2 jackals (D:3)
  4 kobolds
  7 quokkas
  6 bats
  A frilled lizard (D:1)
  5 rats (D:1)
  A spectral orc (D:5)
198 creatures vanquished.

Vanquished Creatures (others)
  3 fungi
  19 plants
  6 withered plants (D:3)
28 creatures vanquished.

Grand Total: 226 creatures vanquished

Table legend:
 A = Non-vault XP
 B = Vault XP
 C = Vault XP percentage of total XP
 D = Non-vault monster count
 E = Vault monster count
 F = Vault count percentage of total count
                 A         B        C        D         E       F
            +---------+---------+-------+---------+---------+-------
      Total |    3811 |    4234 |  52.6 |     119 |      78 |  39.6
            +---------+---------+-------+---------+---------+-------
        D:1 |      47 |       6 |  11.3 |      20 |       4 |  16.7
        D:2 |      94 |     104 |  52.5 |      13 |       3 |  18.8
        D:3 |      41 |       0 |   0.0 |      16 |       0 |   0.0
        D:4 |     553 |     361 |  39.5 |      12 |      16 |  57.1
        D:5 |     529 |     390 |  42.4 |      11 |      12 |  52.2
        D:6 |     506 |     291 |  36.5 |       8 |       7 |  46.7
        D:7 |     904 |       0 |   0.0 |      16 |       0 |   0.0
        D:8 |     885 |    2883 |  76.5 |      20 |      17 |  45.9
        D:9 |     252 |       0 |   0.0 |       3 |       0 |   0.0
     Bailey |       0 |     199 | 100.0 |       0 |      19 | 100.0
            +---------+---------+-------+---------+---------+-------

Illustrated notes

Table legend:
 A = Kills in this place as a percentage of kills in entire the game.
 B = Kills by you in this place as a percentage of kills by you in the entire game.
 C = Kills by friends in this place as a percentage of kills by friends in the entire game.
 D = Other kills in this place as a percentage of other kills in the entire game.
 E = Experience gained in this place as a percentage of experience gained in the entire game.
 F = Experience gained in this place divided by the number of levels of this place that you have seen.
                   A       B       C       D       E      F
               +-------+-------+-------+-------+-------+----------------------
         Total | 100.0 | 100.0 |   N/A |   N/A | 100.0 | 670.4
       Dungeon |  90.4 |  90.4 |   N/A |   N/A |  97.5 | 871.8
        Bailey |   9.6 |   9.6 |   N/A |   N/A |   2.5 | 199.0
               +-------+-------+-------+-------+-------+----------------------

Table legend: (Time is in decaauts)
 A = Elapsed time spent in this place.
 B = Non-inter-level travel time spent in this place.
 C = Inter-level travel time spent in this place.
 D = Time resting spent in this place.
 E = Time spent auto-exploring this place.
 F = Levels seen in this place.
 G = Mean time per level.
                   A        B        C        D        E       F      G
               +--------+--------+--------+--------+--------+-----+--------+
         Total |   7813 |   7416 |    397 |    828 |   4266 |  12 |  651.1 |
       Dungeon |   7705 |   7316 |    389 |    828 |   4209 |   9 |  856.1 |
        Temple |     65 |     57 |      8 |      0 |     57 |   1 |   65.0 |
          Lair |      1 |      1 |      0 |      0 |      0 |   1 |    1.0 |
        Bailey |     41 |     41 |      0 |      0 |      0 |   1 |   41.0 |
               +--------+--------+--------+--------+--------+-----+--------+

Top non-repeatable levels by time:
     D:4: 1583 daAuts
     D:5: 1267 daAuts
     D:2: 1034 daAuts
     D:3: 1012 daAuts
     D:1: 991 daAuts
     D:6: 671 daAuts
     D:8: 611 daAuts
     D:7: 468 daAuts
     D:9: 66 daAuts
  Temple: 65 daAuts
  Bailey: 41 daAuts
  Lair:1: 1 daAuts
